[Event "*** Titled Tuesday Blitz"]
[Site "Chess.com"]
[Date "2020.05.26"]
[Round "9"]
[White "Goryachkina"]
[Black "MidnightFox"]
[Result "1-0"]
[WhiteElo "2578"]
[BlackElo "2407"]
[TimeControl "180+1"]
[EndTime "11:51:56 PDT"]
[Termination "Goryachkina won on time"]

1. e4 e5 2. Nf3 Nc6 3. d4 exd4 4. Bc4 Bc5 5. Ng5 Nh6 6. Nxf7 Nxf7 7. Bxf7+ Kxf7 8.
Qh5+ g6 9. Qxc5 d6 10. Qc4+ Be6 11. Qe2 Kg7 12. O-O Rf8 13. c3 Qh4 14. b3 d3 15.
Qxd3 Ne5 16. Qe3 Rf7 17. Nd2 Raf8 18. f3 Kg8 19. Bb2 g5 20. c4 Rf6 21. Bxe5 dxe5 22. Qf2 Qh5 23. h3 Qf7 24. Rad1 h5 25. Qg3 Rg6 26. Qxe5 Qh7 27. c5 g4 28. fxg4 Rxf1+ 29. Nxf1 Qe7 30. Qxh5 Kg7 31. Qe5+ Kh7 32. Qd4 Bf7 33.
Ng3 Re6 34. Nf5 Qg5 35. Kh1 Rg6 36. Qd7 Qf6 37. Qxc7 Rg8 38. Rd7 Rf8 39. e5 Qe6 40. Nd6 1-0

[Event "*** Titled Tuesday Blitz"]
[Site "Chess.com"]
[Date "2020.05.26"]
[Round "9"]
[White "RaunakSadhwani2005"]
[Black "Bigfish1995"]
[Result "0-1"]
[WhiteElo "2838"]
[BlackElo "3022"]
[TimeControl "180+1"]
[EndTime "11:51:57 PDT"]
[Termination "Bigfish1995 won by resignation"]

1. e4 a6 2. d4 b5 3. Nf3 Bb7 4. Bd3 e6 5. O-O c5 6. c3 Nf6 7. Qe2 Be7 8. Bg5 c4 9. Bc2 h6 10. Bxf6 Bxf6 11. e5 Be7 12. Nbd2 Nc6 13. Ne1 d6 14. f4 dxe5 15. fxe5 Nxd4 16. cxd4 Qxd4+ 17. Kh1 Qxb2 18. Rb1 Qc3 19. Nxc4 Rd8 20. Rb3 Qd4 21. Nd6+ Bxd6 22. exd6 Rxd6 23. Rd3 Qc5 24. Rxd6 Qxd6 25. Nf3 O-O 26. Be4 Bxe4 27. Qxe4 Rc8 28. Qe2 Qd5 29.
Rd1 Qc4 30. Qxc4 Rxc4 31. Kg1 Ra4 32. Rd2 f6 33. Nd4 Kf7 34. Nb3 a5 35. Kf2 e5 36.
Ke2 Ra3 37. Kd1 b4 38. Kc1 a4 39. Na5 Ke6 40. Kb2 Rc3 41. Rd8 Rc5 42. Nb7 Rd5 43.
Re8+ Kd7 44. Rg8 Rd2+ 45. Kb1 Rxg2 46. Nc5+ Kc6 47. Nxa4 e4 48. Nb2 f5 49. Nd1 f4 50.
Re8 Kd5 51. Rd8+ Ke5 52. Re8+ Kf5 53. Rf8+ Kg4 54. Re8 Kf3 0-1

[Event "*** Titled Tuesday Blitz"]
[Site "Chess.com"]
[Date "2020.05.26"]
[Round "9"]
[White "AttilaTurzo"]
[Black "CrazyMartian"]
[Result "1-0"]
[WhiteElo "2445"]
[BlackElo "2305"]
[TimeControl "180+1"]
[EndTime "11:51:58 PDT"]
[Termination "AttilaTurzo won on time"]

1. e4 c5 2. Nf3 d6 3. d4 cxd4 4. Nxd4 Nf6 5. Nc3 a6 6. Bg5 e6 7. f4 Be7 8. Qf3 Qc7 9. O-O-O Nbd7 10. g4 h6 11. Bxf6 Bxf6 12. h4 Nb6 13. g5 Bxd4 14.
Rxd4 Bd7 15. Bg2 Bc6 16. Rhd1 hxg5 17. hxg5 O-O-O 18. R4d2 Kb8 19. b3 d5 20. e5 Nd7 21.
Qf2 Qa5 22. Kb2 Nb6 23. Ne2 Rc8 24. Nd4 Qb4 25. Ka1 Bd7 26. Rd3 Rc7 27. Qd2 Qa3 28. Qc1 Qb4 29. Qd2 Qa3 30. c3 Rhc8 31. Rc1 Bb5 32.
Nxb5 axb5 33. Rd4 Qa5 34. Kb2 Rc5 35. Bf1 Kc7 36. b4 1-0

[Event "*** Titled Tuesday Blitz"]
[Site "Chess.com"]
[Date "2020.05.26"]
[Round "9"]
[White "Mbneu"]
[Black "GM4life"]
[Result "1/2-1/2"]
[WhiteElo "2237"]
[BlackElo "2369"]
[TimeControl "180+1"]
[EndTime "11:51:58 PDT"]
[Termination "Game drawn by agreement"]

1. d4 Nf6 2. c4 g6 3. Nc3 Bg7 4. e4 d6 5. f4 O-O 6. Nf3 c5 7. d5 b5 8. cxb5 a6 9. a4 axb5 10. Bxb5 Ba6 11. Bd2 Nbd7 12. O-O Qb6 13. Qe2 Bxb5 14.
axb5 Rfc8 15. Rxa8 Rxa8 16. e5 dxe5 17. fxe5 Ng4 18. e6 fxe6 19. Ng5 Nge5 20. Nxe6 Bf6 21.
Ne4 Ra2 22. Nxf6+ exf6 23. Bc3 c4+ 24. Kh1 Qxb5 25. Qe4 f5 26. Qd4 Qb3 27. g4 Qc2 28. gxf5 Qe2 29. Qf4 Nd3 30. Qf3 Qxf3+ 31. Rxf3 gxf5 32.
Rg3+ Kf7 33. Rg7+ Ke8 34. Nc7+ Kd8 35. Ne6+ Kc8 36. Rg8+ Kb7 37. Rg7 Ra1+ 38. Kg2 Kc8 39. Rg8+ Kb7 40. Rg7 Kc8 41. Rg8+ Kb7 1/2-1/2

[Event "*** Titled Tuesday Blitz"]
[Site "Chess.com"]
[Date "2020.05.26"]
[Round "9"]
[White "platy3"]
[Black "Beca95"]
[Result "1-0"]
[WhiteElo "2723"]
[BlackElo "2850"]
[TimeControl "180+1"]
[EndTime "11:51:59 PDT"]
[Termination "platy3 won by checkmate"]

1. e4 c6 2. d4 d5 3. e5 c5 4.
dxc5 e6 5. a3 Bxc5 6. Nf3 Ne7 7.
Bd3 Ng6 8. O-O Nd7 9. b4 Be7 10. Bb2 a5 11. b5 Nf4 12. Re1 g5 13. Bf1 g4 14. Nd4 h5 15. Nd2 Ng6 16. c4 Ndxe5 17. N4b3 Bf6 18. Qc2 a4 19. Nc5 d4 20. Nde4 Bg7 21.
Rad1 f5 22. Bxd4 Nf3+ 23. gxf3 Bxd4 24. Ng3 Kf7 25. Nxe6 Bxe6 26. Rxe6 Nh4 27. Nxf5 Nxf3+ 28. Kh1 Kxe6 29. Nxd4+ Nxd4 30. Qe4+ Kf6 31. Rxd4 Qc7 32. Bd3 Rh6 33. Qf5+ Ke7 34. Re4+ Kd6 35. Qd5# 1-0

[Event "*** Titled Tuesday Blitz"]
[Site "Chess.com"]
[Date "2020.05.26"]
[Round "9"]
[White "swisspower96"]
[Black "wannabe2700"]
[Result "0-1"]
[WhiteElo "2598"]
[BlackElo "2724"]
[TimeControl "180+1"]
[EndTime "11:52:00 PDT"]
[Termination "wannabe2700 won by resignation"]

1. d4 f5 2. c4 Nf6 3. Nf3 g6 4. g3 Bg7 5. Bg2 O-O 6. O-O d6 7. Nc3 c6 8. Re1 Na6 9. a3 Qe8 10. Qc2 e5 11. e4 fxe4 12. Nxe4 Nxe4 13. Qxe4 Bf5 14. Qh4 e4 15. Ng5 h6 16. Nxe4 d5 17. cxd5 g5 18. Bxg5 hxg5 19. Nxg5 Qd7 20. dxc6 bxc6 21.
Rac1 Qxd4 22. Be4 Bxe4 23. Rxe4 Qxf2+ 24. Kh1 Qf5 25. Rd1 Nc5 26. g4 Qg6 27. Rd6 Bf6 28. Rc4 Qb1+ 29. Kg2 Rae8 30. Qh7+ Qxh7 31. Nxh7 Kxh7 32.
Rxc5 Re2+ 33. Kg3 Be5+ 34. Rxe5 Rxe5 35. Rd7+ Kg6 36. Rxa7 Re3+ 37. Kh4 Rh8+ 0-1

[Event "*** Titled Tuesday Blitz"]
[Site "Chess.com"]
[Date "2020.05.26"]
[Round "9"]
[White "chessplayer9919"]
[Black "ZarinaShafigullina"]
[Result "1-0"]
[WhiteElo "2487"]
[BlackElo "2342"]
[TimeControl "180+1"]
[EndTime "11:52:00 PDT"]
[Termination "chessplayer9919 won by checkmate"]

1. d4 Nf6 2. c4 e6 3. Nf3 b6 4. g3 Ba6 5. Qc2 Bb7 6. Bg2 c5 7. d5 exd5 8. cxd5 Nxd5 9. O-O Be7 10. Rd1 Nb4 11. Qb3 O-O 12. a3 N4a6 13. Nc3 Nc7 14. Bf4 Nc6 15. Bxc7 Qxc7 16. Nd5 Qd8 17. Bh3 Re8 18.
Bxd7 Na5 19. Qa4 Rf8 20. b4 cxb4 21. axb4 Nc4 22. Bc6 Nb2 23. Bxb7 Nxa4 24. Bxa8 Qe8 25. Bc6 Qd8 26. Nf6+ Bxf6 27. Rxd8 Rxd8 28. Rxa4 h6 29. Rxa7 Rd1+ 30. Kg2 g6 31. e4 Rb1 32. b5 Rb4 33. e5 Bg7 34. h4 Rb3 35. Be8 Kf8 36.
Bxf7 Rxb5 37. e6 Bf6 38. Bxg6 Be7 39. h5 Rb2 40. Nd4 Bc5 41. Nf5 Rxf2+ 42. Kh3 Rf3 43.
Ra8# 1-0

[Event "*** Titled Tuesday Blitz"]
[Site "Chess.com"]
[Date "2020.05.26"]
[Round "9"]
[White "korbul"]
[Black "Gareth-Bale11"]
[Result "1-0"]
[WhiteElo "2622"]
[BlackElo "2750"]
[TimeControl "180+1"]
[EndTime "11:52:01 PDT"]
[Termination "korbul won on time"]

1. d4 Nf6 2. c4 e6 3. Nf3 d5 4.
Nc3 Bb4 5. e3 O-O 6. a3 Bxc3+ 7.
bxc3 c5 8. Bd3 Nc6 9. O-O Qc7 10.
a4 dxc4 11. Bxc4 e5 12. Ba3 Bg4 13. h3 Bh5 14. Be2 Rfd8 15. Bxc5 Ne4 16. Qc2 Nxc5 17. dxc5 Bg6 18. Qb2 Rac8 19. Rfd1 h6 20. Qb5 Na5 21.
Rxd8+ Rxd8 22. Rd1 Rxd1+ 23. Bxd1 Nc6 24. Nh4 Be4 25. Bf3 Bc2 26. Bd5 Qd7 27. c4 Kh7 28. Nf3 Qc7 29. Qb2 Bxa4 30. Qa2 Qa5 31. Qb1+ g6 32. Qxb7 1-0

[Event "*** Titled Tuesday Blitz"]
[Site "Chess.com"]
[Date "2020.05.26"]
[Round "9"]
[White "GMartin_Petrov"]
[Black "Crazy_girl99"]
[Result "1-0"]
[WhiteElo "2565"]
[BlackElo "2400"]
[TimeControl "180+1"]
[EndTime "11:52:02 PDT"]
[Termination "GMartin_Petrov won by checkmate"]

1. c4 e6 2. g3 d5 3. Bg2 Be7 4. Nf3 Nf6 5. O-O dxc4 6. Ne5 O-O 7. Nxc4 c6 8. d4 Nbd7 9. Nc3 Nb6 10. Ne5 Nfd7 11. Nd3 Bf6 12. e3 e5 13. d5 cxd5 14.
Nxd5 Nxd5 15. Bxd5 Nb6 16. Bg2 Bf5 17. Nb4 Qe7 18.
Bd2 Rfd8 19. Qe1 a5 20. e4 Be6 21. Be3 axb4 22. Bxb6 Rdc8 23. Qd2 Ra6 24. Be3 Bxa2 25. f4 Bb3 26. Rac1 Rac6 27. Rxc6 Rxc6 28. Ra1 Rc8 29. f5 h6 30. Rc1 Rd8 31. Qe2 Bg5 32.
Bf1 b5 33. Qf2 Qb7 34. Bxg5 hxg5 35. Qe3 f6 36. Qxb3+ Kh7 37. Qxb4 Rd4 38. Qxb5 Qxe4 39. Qe2 Qxf5 40. Qh5+ Kg8 41. Bc4+ Rxc4 42. Rxc4 Qb1+ 43. Kg2 Qxb2+ 44. Kh3 Qb8 45. Qg4 Kh7 46. Rc8 Qb1 47. Qh5# 1-0

[Event "*** Titled Tuesday Blitz"]
[Site "Chess.com"]
[Date "2020.05.26"]
[Round "9"]
[White "Leonid_Starozhilov"]
[Black "IMinTheWings"]
[Result "0-1"]
[WhiteElo "2622"]
[BlackElo "2159"]
[TimeControl "180+1"]
[EndTime "11:52:03 PDT"]
[Termination "IMinTheWings won on time"]

1. b3 e5 2. Bb2 Nc6 3. e3 Nf6 4. Bb5 Bd6 5. Ne2 a6 6. Bxc6 dxc6 7. Nbc3 Qe7 8. e4 Be6 9. Ng3 O-O-O 10. d3 h5 11. h3 h4 12. Nge2 Bc5 13. Qd2 Nh5 14. Na4 Ba7 15. Rf1 f6 16. O-O-O g5 17. Kb1 g4 18. hxg4 Bxg4 19. f3 Be6 20. Qa5 h3 21. g4 Ng7 22. d4 exd4 23. Bxd4 Bxd4 24. Nxd4 h2 25. Rh1 Qd6 26. Nc5 Kb8 27. Qb4 b6 28.
Ncxe6 Nxe6 29. Qxd6 Rxd6 30. Nxe6 Rxd1+ 31. Rxd1 h1=Q 32. Rxh1 Rxh1+ 33. Kb2 Rf1 34. f4 Kc8 35. g5 fxg5 36. fxg5 Kd7 37. Nd4 Rg1 38. Nf3 Rg3 39. Ne5+ Kd6 40.
Nc4+ Kc5 41. Ne5 Rxg5 42. Nd3+ Kd6 43. e5+ Ke6 44. b4 Rg3 45. a4 Rxd3 46. cxd3 Kxe5 47.
Kc3 Kd5 48. a5 b5 49. d4 Ke4 0-1

[Event "*** Titled Tuesday Blitz"]
[Site "Chess.com"]
[Date "2020.05.26"]
[Round "9"]
[White "nitpicker"]
[Black "Kapibara_Warri0r"]
[Result "0-1"]
[WhiteElo "2292"]
[BlackElo "2138"]
[TimeControl "180+1"]
[EndTime "11:52:05 PDT"]
[Termination "Kapibara_Warri0r won on time"]

1. d4 Nf6 2. c4 g6 3. Nc3 Bg7 4. e4 d6 5. Be2 O-O 6. Nf3 e5 7. O-O Nc6 8. d5 Ne7 9. b4 Nd7 10. a4 a5 11. Ba3 f5 12. Ng5 Nf6 13. Qb3 h6 14. Ne6 Bxe6 15. dxe6 fxe4 16. bxa5 Qc8 17. Nd5 Re8 18. Rfb1 Rxa5 19. Bb4 Ra7 20. Nxe7+ Rxe7 21. c5 Qxe6 22. cxd6 Qxb3 23. Rxb3 cxd6 24. Bxd6 Re8 25. Bc4+ Kh7 26. Bc5 Ra5 27. Bb6 Raa8 28. Be3 Re7 29. a5 Rc7 30. Be2 Nd5 31. Bd2 Rc2 32. Rd1 Nf4 33. Bf1 Ra2 34. Be1 Ra7 35. g3 Ne6 36.
Rd6 Nd4 37. Re3 Nf3+ 38. Kg2 Nxe1+ 39. Rxe1 R2xa5 40. Rxe4 b5 0-1

[Event "*** Titled Tuesday Blitz"]
[Site "Chess.com"]
[Date "2020.05.26"]
[Round "9"]
[White "DucksParadise"]
[Black "gumimis"]
[Result "1-0"]
[WhiteElo "2061"]
[BlackElo "2178"]
[TimeControl "180+1"]
[EndTime "11:52:05 PDT"]
[Termination "DucksParadise won on time"]

1. e4 c5 2. Nf3 d6 3. d4 cxd4 4.
Nxd4 Nf6 5. Nc3 a6 6. Bg5 e6 7. f4 h6 8. Bh4 Qb6 9. Qd2 Qxb2 10.
Rb1 Qa3 11. e5 dxe5 12. fxe5 g5 13. exf6 gxh4 14. Be2 Qa5 15. O-O Nd7 16. Qe3 Bc5 17.
Ne4 h3 18. g3 Qxa2 19. Nxc5 Nxc5 20. Nf5 Qd5 21. Ng7+ Kf8 22. Bf3 Qg5 23. Qxg5 hxg5 24. Rfd1 Nd7 25. Bxb7 Bxb7 26. Rxd7 Bd5 27. c4 Bxc4 28.
Rbb7 Kg8 29. Rxf7 Rh6 30. Nf5 Rh5 31. Rg7+ 1-0

[Event "*** Titled Tuesday Blitz"]
[Site "Chess.com"]
[Date "2020.05.26"]
[Round "9"]
[White "Superfelix"]
[Black "grzechu96"]
[Result "0-1"]
[WhiteElo "2480"]
[BlackElo "2624"]
[TimeControl "180+1"]
[EndTime "11:52:06 PDT"]
[Termination "grzechu96 won by resignation"]

1. e4 c5 2. Nf3 d6 3. d4 cxd4 4.
Nxd4 a6 5. c4 b6 6. Nc3 Bb7 7.
Be2 Nf6 8. f3 e6 9. Be3 Be7 10.
O-O O-O 11. Qd2 Nbd7 12. Rfc1 Re8 13. a4 Rb8 14. Kh1 Bf8 15. Bf1 Qc7 16. b4 Qd8 17. Nb3 d5 18. exd5 Bxb4 19. dxe6 Rxe6 20. Qf2 Ne5 21. Nd4 Neg4 22. fxg4 Nxg4 23. Qg3 Rxe3 24. Qxg4 Rxc3 25. Nf5 Qf6 26. Rxc3 Bxc3 27. Rd1 Be5 28. a5 Bc8 29. Nh6+ Kf8 30. Qe4 gxh6 31. axb6 Rxb6 32. c5 Bb7 33. Qxh7 Rb2 34. Qd3 Qf4 35. Qh3 Rf2 36.
Bd3 Bxg2+ 37. Kg1 Bxh3 38. c6 0-1

[Event "*** Titled Tuesday Blitz"]
[Site "Chess.com"]
[Date "2020.05.26"]
[Round "9"]
[White "FMalexhdez"]
[Black "IAgrest"]
[Result "1-0"]
[WhiteElo "2079"]
[BlackElo "2252"]
[TimeControl "180+1"]
[EndTime "11:52:06 PDT"]
[Termination "FMalexhdez won on time"]

1. e4 e5 2. Nf3 Nc6 3. Bc4 Nf6 4. d3 Bc5 5. O-O a6 6. c3 Ba7 7. Nbd2 d6 8. Bb3 O-O 9. h3 Nh5 10. Re1 Nf4 11. Nf1 Qf6 12. Be3 h6 13. Bxa7 Rxa7 14.
d4 Ne7 15. Ne3 c6 16. dxe5 dxe5 17. Nc4 Neg6 18. Nb6 Rd8 19. Nxc8 Rxd1 20. Raxd1 Ra8 21. Rd6 Ne6 22. Nb6 Re8 23. Red1 Ngf4 24. Bxe6 Rxe6 25. Rd8+ Kh7 26. Nh2 Qg6 27. Ng4 h5 28. Nd7 hxg4 29. Nf8+ Kh6 30. Nxg6 Kxg6 31. hxg4 Kg5 32. R1d6 Rxd6 33.
Rxd6 Kxg4 34. Rd7 Kg5 35. Rxf7 b5 36. Rxg7+ Kf6 37. Rc7 1-0

[Event "*** Titled Tuesday Blitz"]
[Site "Chess.com"]
[Date "2020.05.26"]
[Round "9"]
[White "Vitor-Moraes"]
[Black "kallerotmg"]
[Result "0-1"]
[WhiteElo "1964"]
[BlackElo "2178"]
[TimeControl "180+1"]
[EndTime "11:52:06 PDT"]
[Termination "kallerotmg won by checkmate"]

1. e4 c5 2. Nc3 Nc6 3. Bb5 Nd4 4. Bc4 e6 5. Nge2 Nxe2 6. Qxe2 d6 7. O-O Nf6 8. d3 Be7 9. Bd2 O-O 10. f4 a6 11. a4 d5 12. Bb3 b6 13. Rad1 Bb7 14.
Rde1 Rc8 15. exd5 Nxd5 16. Nxd5 Bxd5 17. Bxd5 Qxd5 18. Bc3 Bf6 19. Bxf6 gxf6 20. f5 e5 21. Qh5 Qd4+ 22. Kh1 Qxb2 23. Rf3 Qb4 24. Ref1 Qd2 25. Rg3+ Kh8 26. Qh4 Rc6 27. Qg4 Qh6 28. Rh3 Qg5 29. Qe4 Rd6 30. Rg3 Qh6 31. Rg4 Rd4 32. Qf3 Rxg4 33. Qxg4 Rg8 34. Qe4 Qd2 35. c4 h6 36.
h3 Qb2 37. Rg1 Qd4 38. Qb7 Qxd3 39. Qxf7 Qxf5 40. Rd1 Qg6 41. Qb7 e4 42. Re1 Qxg2# 0-1

[Event "*** Titled Tuesday Blitz"]
[Site "Chess.com"]
[Date "2020.05.26"]
[Round "9"]
[White "Alopekos"]
[Black "gliglu"]
[Result "1-0"]
[WhiteElo "2519"]
[BlackElo "2386"]
[TimeControl "180+1"]
[EndTime "11:52:08 PDT"]
[Termination "Alopekos won on time"]

1. e4 e6 2. d4 d5 3. Nc3 Nf6 4. e5 Nfd7 5. Qg4 c5 6. dxc5 Nc6 7. Nf3 Ndxe5 8. Nxe5 Nxe5 9. Qg3 Nc6 10. Nb5 e5 11. Nd6+ Bxd6 12. Qxg7 Rf8 13. cxd6 Qxd6 14. Bh6 Bf5 15. Qxf8+ Qxf8 16. Bxf8 Kxf8 17. c3 d4 18. Bb5 Ne7 19. cxd4 exd4 20. Kd2 Nd5 21. Rhe1 Rd8 22. a3 a6 23. Bc4 Nf4 24. g3 Nh3 25. f3 Ng5 26. Be2 d3 27. Bd1 Ne6 28. Rc1 Rd5 29. b4 Rd6 30. Re5 Bg6 31. f4 f6 32. Re3 Bf5 33. g4 Nxf4 34. gxf5 Rd5 35. Rc5 Rd4 36. Rc7 a5 37. Bb3 1-0

[Event "*** Titled Tuesday Blitz"]
[Site "Chess.com"]
[Date "2020.05.26"]
[Round "9"]
[White "VitaliyBernadskiy"]
[Black "Sychev_Klementy"]
[Result "0-1"]
[WhiteElo "2710"]
[BlackElo "2874"]
[TimeControl "180+1"]
[EndTime "11:52:09 PDT"]
[Termination "Sychev_Klementy won by checkmate"]

1. Nf3 Nf6 2. g3 g6 3. d3 d5 4.
Bg2 Bg7 5. O-O O-O 6. c3 c5 7. Qb3 Nc6 8. Bf4 b6 9. Ne5 Bb7 10. Nxc6 Bxc6 11. Be5 e6 12. Qc2 Rc8 13. a4 Bh6 14.
Bxf6 Qxf6 15. Nd2 Rfd8 16. a5 b5 17. Nb3 Be8 18. a6 Bg7 19. Na5 Rd6 20. Nb7 Rb6 21. Ra5 Qe7 22. Rfa1 h5 23. e4 d4 24. c4 bxc4 25.
Qxc4 Rb4 26. Qc2 c4 27. e5 c3 28. Nd6 Rc7 29. b3 Bc6 30. Nc4 Bxg2 31. Kxg2 Qd8 32. R1a4 Rxa4 33. Rxa4 h4 34. Ra5 Qa8+ 35. Kh3 Qf3 36.
Rb5 g5 37. Nd6 Bf8 38. Ne4 Be7 39. Rb7 g4# 0-1

[Event "*** Titled Tuesday Blitz"]
[Site "Chess.com"]
[Date "2020.05.26"]
[Round "9"]
[White "Rozum_Ivan"]
[Black "LiamVrolijk"]
[Result "1-0"]
[WhiteElo "2655"]
[BlackElo "2778"]
[TimeControl "180+1"]
[EndTime "11:52:10 PDT"]
[Termination "Rozum_Ivan won on time"]

1. Nf3 d5 2. d4 Nf6 3. c4 e6 4. g3 Be7 5. Bg2 O-O 6. O-O dxc4 7. Qc2 a6 8. a4 Bd7 9. Rd1 Bc6 10. Nc3 Bb4 11. Bg5 Nbd7 12. e4 Bxc3 13. d5 exd5 14. exd5 Bxa4 15. Rxa4 b5 16. Raa1 Bb4 17.
Nd4 Bc5 18. Nc6 Qc8 19. Re1 Re8 20. Bh3 Qb7 21. Qf5 Qb6 22. Kf1 Bf8 23. Qf3 Qc5 24. Be3 Rxe3 25. Rxe3 Nb6 26. Ne5 Nbxd5 27. Re2 c6 28. Nxf7 Nc7 29. Ne5 Ncd5 30. Be6+ Kh8 31. Nf7+ Kg8 32. Rae1 Nc7 33. Nd8+ 1-0

[Event "*** Titled Tuesday Blitz"]
[Site "Chess.com"]
[Date "2020.05.26"]
[Round "9"]
[White "MaxVavulin"]
[Black "Omk124"]
[Result "0-1"]
[WhiteElo "2602"]
[BlackElo "2450"]
[TimeControl "180+1"]
[EndTime "11:52:10 PDT"]
[Termination "Omk124 won on time"]

1. e4 c5 2. Nf3 d6 3. d4 cxd4 4. Nxd4 Nf6 5. Nc3 a6 6. Rg1 e6 7. g4 b5 8. g5 Nfd7 9. a3 Bb7 10. Be3 Be7 11. f4 Nc6 12. Qd2 Qc7 13. O-O-O O-O-O 14. Kb1 Kb8 15. h4 Nc5 16. Bg2 Na5 17. b3 Rc8 18.
Nde2 Rhd8 19. f5 Bf8 20. h5 Ka8 21. h6 g6 22. f6 Rb8 23. Ka2 Rdc8 24. Rc1 Bc6 25.
Nd4 Bd7 26. Nce2 e5 27. Nf3 Be6 28. Kb1 Nxe4 29. Nxe5 d5 30. Bxe4 dxe4 31. Bf4 Rd8 32. Qe3 Bc5 33. Qxe4+ Bd5 34. Qd3 Bxg1 35. Rxg1 Bxb3 36.
Qc3 Qxc3 37. Nxc3 Rbc8 38. cxb3 Rxc3 39. b4 Nc4 40. Nxc4 Rxc4 41. Bc1 Rd7 42. Re1 Rc8 43. Bb2 Kb7 44. Re5 Rc6 45. Re8 Rc8 46. Re5 Rdc7 47. Re3 Kc6 48. Re4 Kd5 49. Rd4+ Ke6 50. Rd2 Kf5 51. Rd5+ Kg4 52. Re5 Rd7 53. Ka2 Rc4 54.
Kb3 Rf4 55. Re8 Kxg5 56. Rh8 Kxh6 57. Re8 g5 58. Rg8 Rd6 59. Bc1 Rdxf6 0-1

[Event "*** Titled Tuesday Blitz"]
[Site "Chess.com"]
[Date "2020.05.26"]
[Round "9"]
[White "Sergey85Rodchenkov"]
[Black "MathiasWomacka"]
[Result "1-0"]
[WhiteElo "2525"]
[BlackElo "2399"]
[TimeControl "180+1"]
[EndTime "11:52:10 PDT"]
[Termination "Sergey85Rodchenkov won by resignation"]

1. e4 c5 2. Nf3 d6 3. d4 cxd4 4. Nxd4 Nf6 5. Nc3 a6 6. Be2 e5 7. Nb3 Be7 8. O-O O-O 9. Kh1 Nc6 10. Be3 Be6 11. Bf3 Na5 12. Nd5 Bxd5 13. exd5 Nc4 14. Bc1 b5 15. a4 b4 16. a5 Qc7 17. Qd3 Rfc8 18. Rd1 e4 19. Bxe4 Ne5 20. Qe2 Nxe4 21. Qxe4 Qxc2 22. Qxc2 Rxc2 23. Kg1 Bf6 24. Nd4 Rc5 25.
Nf5 Nc4 26. Ra4 g6 27. Ne3 Nxb2 28. Bxb2 Bxb2 29. Rxb4 Bc3 30. Rb6 Bxa5 31. Rxd6 Bc7 32. Rc6 Rxc6 33. dxc6 Rc8 34. Nd5 Kf8 35. Ra1 Bd6 36.
Rxa6 f5 37. g3 Kf7 38. c7 Ke6 39. Nf4+ Kd7 40. Nd5 Bxc7 41. Nf6+ Ke7 42. Nxh7 Be5 43. Rxg6 Rh8 44. Ng5 Ra8 45. Re6+ 1-0

[Event "*** Titled Tuesday Blitz"]
[Site "Chess.com"]
[Date "2020.05.26"]
[Round "9"]
[White "Koalaskakistis"]
[Black "Pavalamalli"]
[Result "0-1"]
[WhiteElo "2416"]
[BlackElo "2292"]
[TimeControl "180+1"]
[EndTime "11:52:10 PDT"]
[Termination "Pavalamalli won by resignation"]

1. Nc3 d5 2. f4 c6 3. Nf3 g6 4. e4 dxe4 5. Nxe4 Bg7 6. Bc4 Nh6 7. O-O Bg4 8. c3 O-O 9. h3 Bxf3 10. Qxf3 Nf5 11.
g4 Nd6 12. Bb3 Nxe4 13. Qxe4 Nd7 14. d4 Nf6 15. Qf3 Nd5 16. Bd2 Qd7 17. Rae1 Rad8 18.
Re2 e6 19. f5 exf5 20. gxf5 Rfe8 21. Ref2 Qxf5 22. Qxf5 gxf5 23. Rxf5 Re2 24. R5f2 Rde8 25. Rxe2 Rxe2 26. Rf2 Re6 27. Kf1 Kf8 28. Re2 Rf6+ 29. Ke1 Bh6 30. Bxd5 cxd5 31. Re5 Bxd2+ 32. Kxd2 Rf3 33. Rxd5 Rxh3 34. Rd7 Rh2+ 35. Kc1 h5 36. Rxb7 h4 37. Rxa7 h3 38. Ra5 Rg2 39. Rh5 h2 40. a4 Rg1+ 41. Kd2 h1=Q 42. Rxh1 Rxh1 43. a5 Ke7 44. b4 Kd6 45. c4 Ra1 46. Ke3 Ra3+ 47.
Ke4 Ra4 48. c5+ Kd7 49. b5 Rxa5 50. b6 Kc6 51. Ke5 Ra1 52. Kf6 Rd1 0-1

[Event "*** Titled Tuesday Blitz"]
[Site "Chess.com"]
[Date "2020.05.26"]
[Round "9"]
[White "atwalcb"]
[Black "PawnEatingZombie"]
[Result "1-0"]
[WhiteElo "2385"]
[BlackElo "2252"]
[TimeControl "180+1"]
[EndTime "11:52:11 PDT"]
[Termination "atwalcb won on time"]

1. d4 d5 2. Nf3 e6 3. c4 dxc4 4. e3 b5 5. a4 c6 6. b3 Bb4+ 7. Bd2 Bxd2+ 8. Nfxd2 Ne7 9. bxc4 b4 10. a5 O-O 11. Nb3 Nd7 12. Bd3 c5 13. O-O Qc7 14.
N1d2 Ba6 15. Qh5 f5 16. Rfc1 Rf6 17. Qe2 e5 18. d5 e4 19. Bb1 Ne5 20. f4 exf3 21.
Nxf3 Nxf3+ 22. Qxf3 Raf8 23. Bd3 Ng6 24. Be2 Ne5 25. Qf4 Qd6 26. Nxc5 g5 27. Qd4 f4 28. Nxa6 f3 29. c5 f2+ 30. Kf1 Nf3 31. Bxf3 Qxh2 32. Ke2 Rxf3 33. Rf1 R3f6 34. Qg4 Qh4 35. Qxh4 gxh4 36. Nxb4 Rb8 37. Rab1 Rb5 38. Nd3 1-0

[Event "*** Titled Tuesday Blitz"]
[Site "Chess.com"]
[Date "2020.05.26"]
[Round "9"]
[White "Tacticusbd"]
[Black "mbachez"]
[Result "0-1"]
[WhiteElo "2435"]
[BlackElo "2535"]
[TimeControl "180+1"]
[EndTime "11:52:12 PDT"]
[Termination "mbachez won on time"]

1. e4 e6 2. d4 d5 3. e5 c5 4. c3 Bd7 5. Nf3 a6 6. Be3 Qb6 7. b3 Nc6 8. Nbd2 cxd4 9. cxd4 Bb4 10. Bd3 Nh6 11. O-O Nf5 12. Rc1 h6 13. g4 Nxe3 14.
fxe3 Be7 15. Qe1 O-O-O 16. b4 Bxb4 17. Rb1 Qa7 18. Qc1 Kb8 19. Nb3 Rc8 20. Qb2 f6 21. a3 Be7 22. Nh4 fxe5 23. Ng6 Bd6 24. Nc5 Bxc5 25.
dxc5 Rhd8 26. Rf7 Ka8 27. Kh1 Rb8 28. Qb6 Qxb6 29. Rxb6 e4 30. Be2 Be8 31. Rxg7 Bxg6 32. Rxg6 Ka7 33. Rg7 Rbc8 34. Rgxb7+ Ka8 0-1

[Event "*** Titled Tuesday Blitz"]
[Site "Chess.com"]
[Date "2020.05.26"]
[Round "9"]
[White "MacDaddyMac"]
[Black "mamey78"]
[Result "0-1"]
[WhiteElo "2255"]
[BlackElo "2391"]
[TimeControl "180+1"]
[EndTime "11:52:12 PDT"]
[Termination "mamey78 won by resignation"]

1. e4 e5 2. Nf3 Nc6 3. Bb5 a6 4. Bxc6 dxc6 5. d4 exd4 6. Qxd4 Qxd4 7. Nxd4 Bd7 8. Be3 O-O-O 9. Nd2 Ne7 10. O-O-O Ng6 11.
f3 c5 12. N4b3 b6 13. h3 Bd6 14. Nc4 Bg3 15. Nbd2 Bb5 16. Nf1 Bf4 17. Nfd2 Rxd2 18. Bxd2 Bxc4 19. b3 Bb5 20. a4 Bc6 21. Rhg1 h5 22.
g3 Bxd2+ 23. Rxd2 h4 24. Rdg2 hxg3 25. Rxg3 Rh4 26. Kd2 Kd7 27. Ke3 Ke6 28. a5 Ne5 29.
f4 Nd7 30. Rxg7 Rxh3+ 31. R1g3 Rxg3+ 32. Rxg3 Nf6 33. e5 Nd5+ 34. Kf3 Nb4+ 35. Kg4 Nxc2 36. Rc3 Nd4 37. axb6 cxb6 38. Re3 Bd5 39. b4 cxb4 40.
Rd3 Nf5 41. Rb3 0-1

[Event "*** Titled Tuesday Blitz"]
[Site "Chess.com"]
[Date "2020.05.26"]
[Round "9"]
[White "BEEkhishig"]
[Black "TranJMinh"]
[Result "1-0"]
[WhiteElo "2658"]
[BlackElo "2779"]
[TimeControl "180+1"]
[EndTime "11:52:13 PDT"]
[Termination "BEEkhishig won on time"]

1. c4 e5 2. g3 c6 3. Bg2 Nf6 4. Nf3 d6 5. O-O Be7 6. Nc3 O-O 7. d3 Be6 8. b4 Nbd7 9. b5 Qc7 10. a4 a5 11. Ba3 h6 12. Nd2 Rac8 13. Rc1 Qd8 14. Nde4 Ne8 15. Nd2 f5 16. e3 Ndf6 17. Nb3 f4 18. exf4 exf4 19. Nd4 Bg4 20. Qd2 c5 21. Nf3 d5 22. Ne5 dxc4 23. Qxf4 Be6 24. Qe3 Nd6 25. Ng6 Qd7 26. Nxf8 Bxf8 27. Rfe1 Re8 28. Bxc5 Nf5 29.
Qe5 Bf7 30. Bxf8 Rxe5 31. Rxe5 cxd3 32. Ba3 d2 33. Rd1 Bb3 34. Bd5+ Nxd5 35. Rxd2 Qc7 36. Re8+ Kh7 37. Nxd5 Qc4 38. Ne3 1-0

[Event "*** Titled Tuesday Blitz"]
[Site "Chess.com"]
[Date "2020.05.26"]
[Round "9"]
[White "Spartakus1975"]
[Black "GMSrinath"]
[Result "1-0"]
[WhiteElo "2698"]
[BlackElo "2799"]
[TimeControl "180+1"]
[EndTime "11:52:14 PDT"]
[Termination "Spartakus1975 won by resignation"]

1. e4 c5 2. c3 Nf6 3. e5 Nd5 4. Nf3 Nc6 5. d4 cxd4 6. cxd4 g6 7. Qb3 e6 8. Nc3 Nxc3 9. bxc3 d6 10. Bf4 dxe5 11. Nxe5 Bg7 12. Bb5 Bd7 13. Bxc6 Bxc6 14.
O-O Qd5 15. Nxc6 Qxc6 16. Rab1 b6 17. Qa3 Kd7 18. Rbc1 b5 19. Rfe1 Qd5 20. Be5 f6 21. c4 bxc4 22. Qa4+ Ke7 23. Rxc4 Rhd8 24. Rc5 fxe5 25.
Rxd5 Rxd5 26. dxe5 Bxe5 27. Qh4+ Kf7 28. Qxh7+ Bg7 29. Qh4 Rad8 30. Qf4+ Bf6 31. g3 R8d6 32. Re2 a5 33. Kg2 Rd4 34. Qf3 a4 35. Re3 Rd2 36.
Qb7+ Rd7 37. Qa6 R2d6 38. Qxa4 Bd4 39. Rf3+ Kg7 40. h4 e5 41. Qc2 Re7 42. Qe4 Ra7 43. a3 Rda6 44. Qg4 Rd6 45. h5 Rc7 46. hxg6 Rxg6 47. Qf5 Rcc6 48. Qf8+ Kh7 49. Rf7+ 1-0